 Dungeon Crawl Stone Soup version 0.21.1-1-g345015fe64 (webtiles) character file.

1722 Oravi the Martial Artist (level 9, 0/61 HPs)
             Began as a Merfolk Transmuter on Apr 11, 2018.
             Slain by an orc warrior
             ... wielding a +0 halberd
              (18 damage)
             ... on level 6 of the Dungeon.
             The game lasted 00:20:51 (5915 turns).

Oravi the Martial Artist (Merfolk Transmuter)       Turns: 5915, Time: 00:20:52

Health: 0/61       AC:  2    Str: 11    XL:     9   Next: 4%
Magic:  11/12      EV: 25    Int: 15    God:
Gold:   215        SH:  0    Dex: 19    Spells: 6/12 levels left

rFire    . . .     SeeInvis .     - Unarmed
rCold    . . .     Gourm    .   (shield currently unavailable)
rNeg     . . .     Faith    .   (armour currently unavailable)
rPois    x         Spirit   .   (helmet currently unavailable)
rElec    .         Reflect  .   (cloak currently unavailable)
rCorr    .         Harm     .   (gloves currently unavailable)
MR       .....                  (boots currently unavailable)
Stlth    ++........             (no amulet)
HPRegen  0.20/turn              (no ring)
MPRegen  0.13/turn              (no ring)

@: spider-form
A: tiny, (change form in water), (swift swim), (stealthy swim)
a: End Transformation


You were on level 6 of the Dungeon.
You were very hungry.
You were a venomous arachnid creature.
You visited 1 branch of the dungeon, and saw 6 of its levels.

You collected 270 gold pieces.
You spent 55 gold pieces at shops.

Inventory:

Missiles
 a - 38 arrows
Armour
 b - a +1 robe (melded)
 f - a +2 helmet (melded)
Jewellery
 n - the ring "Buh Lipp" {Wiz *Corrode rN+++ MP+9 Dex-4}
   (You found it on level 4 of the Dungeon)

   [ring of wizardry]

   It improves your spell success rate.
   It affects your dexterity (-4).
   It renders you almost immune to negative energy.
   It affects your magic capacity (+9).
   It may corrode you when you take damage.
Wands
 i - a wand of polymorph (7)
 p - a wand of acid (6)
 s - a wand of random effects (14)
Scrolls
 g - a scroll of amnesia
 h - 3 scrolls of remove curse
 k - a scroll of blinking
 o - 2 scrolls of identify
 t - a scroll of teleportation
Potions
 e - 2 potions of haste
 j - a potion of ambrosia
 l - 2 potions of flight
 m - 3 potions of curing
 r - 2 potions of invisibility
Books
 c - a book of Changes

   Spells                             Type                      Level
   a - Beastly Appendage              Transmutation                1
   b - Sticks to Snakes               Transmutation                2
   c - Spider Form                    Transmutation/Poison         3
   d - Ice Form                       Ice/Transmutation            4
   e - Blade Hands                    Transmutation                5
Comestibles
 d - 8 rations


   Skills:
 + Level 2.1 Fighting
 * Level 5.7 Dodging
 + Level 8.5 Unarmed Combat
 - Level 2.0 Spellcasting
 * Level 8.3 Transmutations
 * Level 4.7 Poison Magic


You had 6 spell levels left.
You knew the following spells:

 Your Spells              Type           Power        Failure   Level  Hunger
a - Beastly Appendage     Tmut           ####..       4%          1    #......
b - Sticks to Snakes      Tmut           ####....     5%          2    ###....
c - Spider Form           Tmut/Pois      ###.......   14%         3    ###....


Dungeon Overview and Level Annotations

Branches:
Dungeon (6/15)
 Temple: D:4-7

Altars:
Elyvilon
Gozag
Hepliaklqana
Makhleb
Nemelex Xobeh
Trog
Vehumet
Wu Jian
Yredelemnul

Shops:
D:5 ?=%[


Message History

The orc warrior looks as sick as possible!
The orc warrior is moderately wounded.
You hit the orc warrior.
The orc warrior looks as sick as possible!
The orc warrior is moderately wounded.
The orc warrior closely misses you.
You hit the orc warrior but do no damage.
The orc warrior is heavily wounded.
The orc warrior completely misses you.
You hit the orc warrior but do no damage.
The orc warrior looks as sick as possible!
The orc warrior is heavily wounded.
You closely miss the orc warrior.
The orc warrior is heavily wounded.
The orc warrior barely misses you.
You hit the orc warrior.
The orc warrior looks as sick as possible!
The orc warrior is severely wounded.
The orc warrior hits you with a halberd!!
You die...

## #.# ## #.# .. #.#
####.# .....###
####+####### .......#
#..........#
.......#####..........#
.......'....%...).....#
.......#####..).s.....#
.......# #.^...o....#
.......# #..........#
.......# #..........#
.......# #.........!#
.......# ############
..#.....


You could see an orc warrior.

Vanquished Creatures
  Grinder (D:4)
  Eustachio (D:5)
  The ghost of htuhola the Vandal, an amateur DDHu (D:4)
  A hungry ghost (D:5)
  An orc warrior (D:5)
  3 gnoll sergeants (D:5)
  2 scorpions (D:4)
  A howler monkey (D:4)
  A centaur skeleton (D:4)
  2 hounds
  Ijyb (D:3)
  Natasha (thrice) (D:4)
  2 orc wizards
  4 worker ants
  Robin (D:3)
  8 gnolls (D:5)
  7 adders
  A shadow imp (D:5)
  An ooze (D:5)
  4 worms
  A dart slug (D:2)
  4 leopard geckos
  16 orcs
  3 ball pythons
  4 giant cockroaches
  17 goblins
  3 hobgoblins
  15 jackals
  14 kobolds
  3 quokkas
  5 bats
  3 frilled lizards
  6 rats
140 creatures vanquished.

Vanquished Creatures (collateral kills)
  The ghost of VanClaymore the Cudgeler, an amateur GrMo of Elyvilon (D:3)
1 creature vanquished.

Vanquished Creatures (others)
  A quokka (D:5)
1 creature vanquished.

Grand Total: 142 creatures vanquished

Notes
Turn   | Place    | Note
-------+----------+-------------------------------------------
     0 | D:1      | Oravi the Merfolk Transmuter began the quest for the Orb.
     0 | D:1      | Reached XP level 1. HP: 15/15 MP: 3/3
   369 | D:1      | Reached XP level 2. HP: 21/21 MP: 3/5
  1198 | D:2      | Reached XP level 3. HP: 26/26 MP: 4/6
  1204 | D:2      | Learned a level 2 spell: Sticks to Snakes
  1208 | D:2      | Learned a level 3 spell: Spider Form
  1826 | D:2      | Reached XP level 4. HP: 32/32 MP: 1/7
  1964 | D:2      | Found a sparkling altar of Nemelex Xobeh.
  2251 | D:3      | Reached skill level 1 in Poison Magic
  2290 | D:3      | Noticed Ijyb
  2299 | D:3      | Killed Ijyb
  2313 | D:3      | Reached XP level 5. HP: 37/37 MP: 8/8
  2345 | D:3      | Found a bloodstained altar of Trog.
  2397 | D:3      | Reached skill level 5 in Transmutations
  2471 | D:3      | Noticed VanClaymore's ghost (amateur GrMo)
  2527 | D:3      | Killed VanClaymore's ghost
  2745 | D:3      | Reached skill level 5 in Unarmed Combat
  2748 | D:3      | Reached XP level 6. HP: 33/43 MP: 5/9
  2920 | D:3      | Noticed Robin
  2927 | D:3      | Killed Robin
  3700 | D:4      | Got a pitted tin ring
  3701 | D:4      | Identified the ring "Buh Lipp" {Wiz *Corrode rN+++ MP+9 Dex-4} (You found it on level 4 of the Dungeon)
  3781 | D:4      | Noticed Natasha
  3786 | D:4      | Noticed Grinder
  3787 | D:4      | Noticed htuhola's ghost (amateur DDHu)
  3791 | D:4      | Killed Natasha
  3814 | D:4      | Killed htuhola's ghost
  3814 | D:4      | Reached XP level 7. HP: 22/48 MP: 4/10
  3830 | D:4      | Killed Grinder
  4089 | D:4      | Reached XP level 8. HP: 46/54 MP: 8/11
  4100 | D:4      | Noticed Natasha
  4108 | D:4      | Killed Natasha
  4264 | D:4      | Found a radiant altar of Vehumet.
  4264 | D:4      | Found a basalt altar of Yredelemnul.
  4264 | D:4      | Found an ornate altar of the Wu Jian Council.
  4313 | D:5      | Entered Level 5 of the Dungeon
  4313 | D:5      | Found Dogoahux's Jewellery Boutique.
  4766 | D:5      | Found Qoosis's Food Emporium.
  4875 | D:5      | Noticed Eustachio
  4914 | D:4      | Noticed Natasha
  4919 | D:4      | Killed Natasha
  5117 | D:5      | Killed Eustachio
  5205 | D:5      | Found Woshric's Magic Scroll Shop.
  5222 | D:5      | Reached skill level 5 in Dodging
  5225 | D:5      | Bought a scroll of teleportation for 33 gold pieces
  5225 | D:5      | Bought a scroll of identify for 22 gold pieces
  5264 | D:5      | Found an opulent altar of Gozag.
  5271 | D:5      | Found a hazy altar of Hepliaklqana.
  5512 | D:5      | Found a white marble altar of Elyvilon.
  5563 | D:5      | Found Jaggulej's Antique Armour Shop.
  5758 | D:6      | Found a burning altar of Makhleb.
  5765 | D:6      | Reached XP level 9. HP: 61/61 MP: 8/12
  5915 | D:6      | Slain by an orc warrior

Skill      XL: |  1  2  3  4  5  6  7  8 |
---------------+-------------------------+-----
Transmutations | 3 4 5 6 7 8 |  8.3
Unarmed Combat | 4 5 6 8 |  8.5
Dodging        | 3 4 5 |  5.7
Poison Magic   | 1 2 3 4 |  4.7
Fighting       | 2 |  2.1
Spellcasting   | |  2.0

Action                   |  1- 3 |  4- 6 |  7- 9 || total
-------------------------+-------+-------+-------++-------
Melee: Unarmed           |   107 |   186 |   163 ||   456
       Headbutt          |     5 |     4 |       ||     9
       Punch             |     2 |       |     2 ||     4
 Cast: Beastly Appendage |    22 |     9 |       ||    31
       Spider Form       |     3 |    17 |    16 ||    36
       Sticks to Snakes  |       |     2 |     4 ||     6
  Use: Scroll            |     4 |     2 |     5 ||    11
       Potion            |     3 |       |       ||     3
 Stab: Sleeping          |     1 |       |     1 ||     2
       Distracted        |       |     1 |       ||     1
  Eat: Chunk             |     3 |     8 |     7 ||    18
       Ration            |       |     1 |       ||     1
Armor: Robe              |    15 |     9 |       ||    24
       Skin              |     3 |     6 |     9 ||    18
Dodge: Dodged            |   114 |   124 |   194 ||   432
